 Dungeon Crawl Stone Soup version 0.30-a0-509-gd016549fea (webtiles) character file.

Game seed: 4182999105604126800

11925 Borgoz the Fighter (level 11, -1/73 HPs)
             Began as a Gargoyle Berserker on Dec 22, 2022.
             Was an Elder of Trog.
             Killed from afar by a gargoyle (23 damage)
             ... with a stone arrow
             ... on level 10 of the Dungeon.
             The game lasted 00:15:13 (10774 turns).

Borgoz the Fighter (Gargoyle Berserker)            Turns: 10774, Time: 00:15:14

Health: -1/73      AC: 20    Str: 29    XL:     11   Next: 85%
Magic:  11/11      EV: 15    Int:  7    God:    Trog [****..]
Gold:   705        SH:  0    Dex: 13    Spells: 10/10 levels left

rFire   . . .      SeeInvis .    C - +1 whip (elec)
rCold   + . .      Faith    .    (no shield)
rNeg    + . .      Spirit   .    o - +0 steam dragon scales
rPois   ∞          Reflect  +    l - +0 helmet of the Brewing Gods {rC+}
rElec   +          Harm     .    (no cloak)
rCorr   .          Rampage  .    d - +2 pair of gloves {Str+3}
Will    .....                    (no boots)
Stlth   +.........               k - amulet of Deluxal {Reflect Str+4 SH+5}
HPRegen 0.32/turn                (no ring)
MPRegen 0.12/turn                (no ring)

@: confused, ambrosia-drunk
A: sickness immunity, AC +8, negative energy resistance 1, electricity
resistance, torment resistance 1, petrification resistance
a: Renounce Religion, Berserk, Trog's Hand, Brothers in Arms


You were on level 10 of the Dungeon.
You worshipped Trog.
Trog was greatly pleased with you.
You visited 1 branch of the dungeon, and saw 10 of its levels.

You collected 705 gold pieces.

Inventory:

Hand Weapons
 C - a +1 whip of electrocution (weapon)
Armour
 d - a +2 pair of gloves of strength (worn)
 l - the +0 helmet of the Brewing Gods (worn) {rC+}
   (You acquired it on level 2 of the Dungeon)

   rC:        It protects you from cold.
 o - +0 steam dragon scales (worn)
 y - +0 acid dragon scales
Jewellery
 k - the amulet of Deluxal (around neck) {Reflect Str+4 SH+5}
   (You acquired it on level 2 of the Dungeon)

   [amulet of reflection]

   It reflects blocked missile attacks.
   Str:       It affects your strength (+4).
   SH:        It affects your SH (+5).
 n - an amulet of guardian spirit
Wands
 m - a wand of flame (21)
 q - a wand of iceblast (28)
 z - a wand of mindburst (6)
Scrolls
 a - a scroll of poison
 j - 3 scrolls of blinking
 p - a scroll of enchant armour
 r - a scroll of magic mapping
 v - 2 scrolls of teleportation
Potions
 b - a potion of mutation {unknown}
 e - a potion of flight {unknown}
 f - 2 potions of resistance
 g - 3 potions of heal wounds {unknown}
 h - 3 potions of attraction
 i - 7 potions of curing
 s - 2 potions of haste
 t - a potion of lignification {unknown}
 u - a potion of brilliance {unknown}
 w - a potion of invisibility {unknown}
 x - 3 potions of might
 B - a potion of berserk rage {unknown}


   Skills:
 + Level 10.7 Fighting
 + Level 9.9 Maces & Flails
 + Level 10.4 Armour
 + Level 8.0 Dodging


You had 10 spell levels left.
You didn't know any spells.
Your spell library was empty.

Dungeon Overview and Level Annotations

Branches:
Dungeon (10/15)            Temple (0/1) D:5
   Lair: D:8-11         Orc: D:9-12

Altars:
Ashenzari
Elyvilon
Gozag
Makhleb
Nemelex Xobeh
Okawaru
Trog
Yredelemnul

Annotations:
D:8 3 runed translucent doors, caveywoolpert's ghost, novice DgEE
D:9 1 runed translucent door, 1 transporter


Innate Abilities, Weirdness & Mutations

You are immune to sickness and miasma.
Your stone body is resilient. (AC +8)
You are immune to poison.
You resist negative energy. (rN+)
You are resistant to electric shocks. (rElec)
You are resistant to unholy torment.
You are immune to petrification.


Message History

A gargoyle comes into view. It is wielding a +0 flail.
A gargoyle is nearby!
No target in view!
No target in view!
No target in view!
The gargoyle hits you with a +0 flail.
You hit the gargoyle but do no damage. The gargoyle hits you with a +0 flail!
You hit the gargoyle but do no damage. The gargoyle hits you with a +0 flail!
You hit the gargoyle but do no damage. You hit the gargoyle but do no damage.
The gargoyle hits you with a +0 flail!
Okay, then.
You hit the gargoyle but do no damage. You hit the gargoyle but do no damage.
The gargoyle closely misses you.
You barely miss the gargoyle.
The gargoyle hurls a stone arrow at you.
The stone arrow misses you.
You hit the gargoyle but do no damage. You hit the gargoyle but do no damage.
The gargoyle misses you.
You hit the gargoyle but do no damage. You hit the gargoyle.
The gargoyle is lightly damaged.
The gargoyle misses you.
You whack the gargoyle!
The gargoyle is heavily damaged.
The gargoyle hurls a stone arrow at you.
The stone arrow hits you!
You hit the gargoyle but do no damage.
The gargoyle is heavily damaged.
You hit the gargoyle but do no damage.
The gargoyle is heavily damaged.
The gargoyle hits you with a +0 flail!
* * * LOW HITPOINT WARNING * * *
You whack the gargoyle!
The gargoyle is severely damaged.
Okay, then.
You are confused.
You feel invigorated.
The gargoyle hurls a stone arrow at you.
The stone arrow hits you!!
You die...

...##....##........#..
#..#.....####......#..
#.......## #.####....
#....#..#####..##)....
#........#.##..###....
##...............##..##
##..?........#...####.#
..................##..##
..##...@....##..........
.......9##(..##.......#.
...#.........###......#.
.. #.........# #........
. #..........#.........
................##....
..##............. #...(
.. #............ #....
......


You could see a gargoyle.

Vanquished Creatures
  3 two-headed ogres
  3 kobold demonologists (D:9)
  An unseen horror zombie (D:10)
  An efreet (D:9)
  Grinder (D:3)
  A hornet (D:8)
  2 meliai zombies (D:10)
  2 shadows (D:10)
  10 yaks
  A vampire (D:10)
  A wyvern (D:7)
  An unseen horror simulacrum (D:9)
  2 steam dragons (D:8)
  Menkaure (D:7)
  An acid dragon (D:10)
  3 water moccasins
  An orc warrior (D:8)
  3 ice beasts
  2 black bears
  An ogre (D:5)
  A wolf (D:9)
  9 centaurs
  2 phantoms
  5 kobold brigands
  2 bullfrogs
  A gnoll sergeant (D:9)
  2 necrophages
  4 scorpions
  6 wights
  4 killer bees
  2 howler monkeys (D:9)
  2 electric eels (D:9)
  7 hounds
  4 centaur zombies (D:10)
  7 orc priests
  3 jellies
  7 iguanas
  5 orc wizards
  5 adders
  9 gnolls
  3 white imps
  3 ufetubi
  2 worms (D:3)
  2 dart slugs
  26 orcs
  5 bats
  4 endoplasms
  A giant cockroach (D:4)
  10 goblins
  10 hobgoblins
  20 kobolds
  5 quokkas
  7 ball pythons
  5 frilled lizards
  A kobold skeleton (D:9)
  6 rats
238 creatures vanquished.

Vanquished Creatures (others)
  The ghost of kae the Destroyer, a novice TeFE of Vehumet (D:9)
  An orc (D:8)
2 creatures vanquished.

Grand Total: 240 creatures vanquished

Notes
Turn   | Place    | Note
-------+----------+-------------------------------------------
     0 | D:1      | Borgoz the Gargoyle Berserker began the quest for the Orb.
     0 | D:1      | Reached XP level 1. HP: 14/14 MP: 1/1
   282 | D:1      | Reached XP level 2. HP: 19/19 MP: 2/2
   610 | D:1      | Found a faded altar of an unknown god.
  1276 | D:2      | Reached XP level 3. HP: 23/23 MP: 3/3
  1304 | D:2      | Found a burning altar of Makhleb.
  1354 | D:2      | Identified 3 scrolls of acquirement
  1354 | D:2      | Acquired the amulet of Deluxal {Reflect Str+4 SH+5}
  1373 | D:2      | Acquired the +0 helmet of the Brewing Gods {rC+}
  1389 | D:2      | Acquired a +1 pair of gloves of strength
  1438 | D:2      | Reached ** piety under Trog
  2190 | D:3      | Reached XP level 4. HP: 26/29 MP: 4/4
  2223 | D:3      | Noticed Grinder
  2228 | D:3      | Paralysed by Grinder for 2 turns
  2235 | D:3      | Killed Grinder
  2236 | D:3      | Reached XP level 5. HP: 21/34 MP: 5/5
  2236 | D:3      | Reached XP level 6. HP: 23/39 MP: 6/6
  3361 | D:4      | Reached skill level 5 in Fighting
  3399 | D:4      | Reached XP level 7. HP: 44/44 MP: 7/7
  3896 | D:5      | Entered Level 5 of the Dungeon
  3923 | D:5      | Reached skill level 5 in Maces & Flails
  4028 | D:5      | Reached skill level 5 in Armour
  4039 | D:5      | Reached XP level 8. HP: 49/51 MP: 8/8
  4067 | D:5      | Identified the +8 mace of Law {flame, rC++ Str+4}
  4169 | D:5      | Found a staircase to the Ecumenical Temple.
  4423 | D:5      | Reached *** piety under Trog
  4553 | D:5      | Found a white marble altar of Elyvilon.
  4554 | D:5      | Found an opulent altar of Gozag.
  5337 | D:6      | Reached XP level 9. HP: 51/56 MP: 9/9
  5436 | D:6      | Reached skill level 5 in Dodging
  5985 | D:7      | Noticed Menkaure
  5994 | D:7      | Killed Menkaure
  6822 | D:7      | You fall into a shaft and drop 3 floors!
  6822 | D:10     | Entered Level 10 of the Dungeon
  6844 | D:10     | Noticed a two-headed ogre
  6867 | D:10     | Killed a two-headed ogre
  6868 | D:10     | Reached XP level 10. HP: 41/65 MP: 10/10
  7068 | D:9      | Found a bloodstained altar of Trog.
  7091 | D:9      | Noticed a two-headed ogre
  7114 | D:9      | Killed a two-headed ogre
  7464 | D:9      | Found a runed translucent gate.
  7465 | D:9      | Found a runed translucent gate.
  7466 | D:9      | Found a runed translucent gate.
  7467 | D:9      | Found an opulent altar of Gozag.
  7468 | D:9      | Noticed kae's ghost (novice TeFE)
  7637 | D:9      | Noticed a two-headed ogre
  7652 | D:9      | Killed a two-headed ogre
  7964 | D:8      | Found a runed translucent gate.
  7966 | D:8      | Found a runed translucent gate.
  7967 | D:8      | Found a runed translucent gate.
  7970 | D:8      | Noticed a cyclops
  7993 | D:8      | Noticed a boulder beetle
  7993 | D:8      | Noticed caveywoolpert's ghost (novice DgEE)
  8162 | D:8      | Found a large runed translucent door.
  8163 | D:8      | Found a large runed translucent door.
  8203 | D:8      | Reached XP level 11. HP: 66/71 MP: 11/11
  8358 | D:7      | Reached **** piety under Trog
  9620 | D:8      | Found a broken altar of Ashenzari.
  9626 | D:8      | Found an iron altar of Okawaru.
  9814 | D:9      | Found a runed translucent door.
  9819 | D:9      | Found a basalt altar of Yredelemnul.
  9850 | D:9      | Reached skill level 10 in Fighting
 10270 | D:9      | Killed kae's ghost
 10304 | D:9      | Found a sparkling altar of Nemelex Xobeh.
 10304 | D:9      | Found a transporter.
 10304 | D:9      | Noticed a deep elf pyromancer
 10304 | D:9      | Noticed a tengu warrior
 10405 | D:9      | Reached skill level 10 in Armour
 10774 | D:10     | Killed from afar by a gargoyle

Illustrated notes

Levels and vault maps discovered:
D:1:      minmay_arrival_doors, layout_basic,
          hellmonk_ecumenical_altar_crossroads, minmay_misc_feat_secret_circle,
          minivault_24, serial_bayou_crossing
D:2:      layout_basic, basic_altar
D:3:      layout_basic, serial_forest, infiniplex_forest_straight_5,
          infiniplex_forest_corner_1, infiniplex_forest_corner_1,
          infiniplex_forest_clump_medium, infiniplex_forest_zigzag_1,
          infiniplex_forest_end_3, infiniplex_forest_lined_room_3,
          minmay_goblin_outpost, uniq_grinder
D:4:      layout_basic
D:5:      layout_cave_pods, gammafunk_temple_overflow_pools,
          minmay_temple_entry_arrows, hangedman_decor_slide_cut,
          kennysheep_generic_room_11
D:6:      layout_rooms, kennysheep_cross_room
D:7:      layout_basic, uniq_menkaure
D:8:      layout_layer_cave, jmf_multi_god_temple2, gammafunk_ghost_split
D:9:      layout_loops_ring, grunt_nemelex_the_gamble,
          overflow_temple_1_default, dk_yredelemnul_ordeal, ebering_ghost_gozag,
          serial_ice, serial_ice_a, serial_ice_b, serial_ice_d, serial_ice_j,
          billiards_dpeg
D:10:     layout_cave_pools, serial_shops, nicolae_shop_bloodbath_and_beyond,
          serial_undead, serial_undead_c, serial_undead_a, serial_undead_c,
          serial_undead_d

Skill      XL: |  1  2  3  4  5  6  7  8  9 10 11 |
---------------+----------------------------------+-----
Dodging        | 2 3 4 6 7 8 |  8.0
Armour         | 3 4 5 6 8 9 10 | 10.4
Fighting       | 4 5 6 8 9 10 | 10.7
Maces & Flails | 4 5 6 7 8 9 |  9.9

Action                   |  1- 3 |  4- 6 |  7- 9 | 10-12 || total
-------------------------+-------+-------+-------+-------++-------
Melee: Mace              |   138 |    59 |   389 |       ||   586
       Punch             |     1 |     1 |     5 |     5 ||    12
       Flail             |       |       |    14 |    81 ||    95
       Whip              |       |       |       |   456 ||   456
Invok: Berserk           |       |     3 |     6 |     6 ||    15
       Trog's Hand       |       |       |       |     3 ||     3
Evoke: Wand              |       |       |     1 |       ||     1
  Use: Scroll            |    10 |       |     1 |     9 ||    20
       Potion            |       |       |       |     2 ||     2
Armor: Animal skin       |     4 |       |       |       ||     4
       Ring mail         |    65 |    21 |   232 |   105 ||   423
       Steam dragon scal |       |       |       |   156 ||   156
Dodge: Dodged            |    89 |    31 |   314 |   351 ||   785
Block: Other             |    24 |     9 |   125 |   111 ||   269
       Reflection        |     2 |     1 |     7 |     2 ||    12

Table legend: (Time is in decaauts)
 A = Elapsed time spent in this place.
 B = Non-inter-level travel time spent in this place.
 C = Inter-level travel time spent in this place.
 D = Time resting spent in this place.
 E = Time spent auto-exploring this place.
 F = Levels seen in this place.
 G = Mean time per level.
                   A        B        C        D        E       F      G
               +--------+--------+--------+--------+--------+-----+--------+
         Total |  10837 |  10623 |    214 |   1622 |   7057 |  10 | 1083.7 |
       Dungeon |  10837 |  10623 |    214 |   1622 |   7057 |  10 | 1083.7 |
               +--------+--------+--------+--------+--------+-----+--------+

Top non-repeatable levels by time:
     D:8: 1640 daAuts
     D:5: 1490 daAuts
     D:9: 1441 daAuts
     D:3: 1281 daAuts
     D:7: 1124 daAuts
     D:1: 1089 daAuts
     D:4: 847 daAuts
     D:2: 767 daAuts
     D:6: 666 daAuts
    D:10: 488 daAuts
